AoeStats
← Zuckervisch

Fortress

508711494Analyzed
2v2 RM · 8d ago on Sep 23, 2026· 85m 56s· 4 players
Game mode
Random Map
Map size
Normal (6 player)
Population
200
Speed
Normal
Resources
Standard
Victory
Conquest
Starting age
Dark Age
Ending age
Imperial Age
RankedLock teamsTeams togetherTeam positionsShared explorationLock speedFull tech treeHidden civsTurbo modeCheats
Victory
Defeat
🇵🇱 Slavs · Poland
1366
+18
🇵🇱 Bohemians · Poland
1361
+18
🇩🇰 Vietnamese · Denmark
1403
-18
🇩🇰 Huns · Denmark
1401
-18
more
7:44 Feudal Age
11:42 Castle Age
11:22 Double-Bit Axe
11:17 Horse Collar
13:05 Bow Saw
13:18 Heavy Plow
17:10 Scale Barding Armor
18:07 Loom
20:00 Chain Barding Armor
20:49 Wheelbarrow
20:22 Fletching
21:33 Town Watch
22:18 Forging
26:54 Detinets
27:56 Bodkin Arrow
29:56 Sanctity
31:04 Iron Casting
31:00 Hand Cart
36:51 Imperial Age
35:21 Bloodlines
35:11 Husbandry
36:50 Redemption
38:24 Plate Barding Armor
38:18 Gold Mining
37:57 Light Cavalry
38:50 Elite Boyar
41:25 Blast Furnace
40:59 Block Printing
41:36 Conscription
42:53 Two-Man Saw
42:25 Crop Rotation
41:36 Hussar
47:06 Ballistics
52:10 Masonry
53:55 Chemistry
54:34 Gold Shaft Mining
53:50 Stone Mining
54:48 Hoardings
54:44 Padded Archer Armor
59:30 Capped Ram
61:07 Caravan
63:05 Siege Ram
77:45 Man-at-Arms
78:27 Scale Mail Armor
78:47 Druzhina
78:18 Long Swordsman
79:00 Squires
79:30 Two-Handed Swordsman
80:39 Chain Mail Armor
80:11 Champion
82:33 Plate Mail Armor
84:36 Siege Engineers
84:10 Pikeman
Zuckervisch
7:35 Feudal Age
11:46 Castle Age
9:35 Double-Bit Axe
13:12 Bow Saw
17:30 Loom
20:36 Ballistics
22:07 Wheelbarrow
22:08 Horse Collar
22:45 Padded Archer Armor
27:39 Imperial Age
26:11 Hand Cart
25:22 Pikeman
26:04 Fletching
26:29 Leather Archer Armor
28:11 Chemistry
27:46 Elite Skirmisher
29:11 Halberdier
30:34 Scale Mail Armor
30:30 Bodkin Arrow
32:15 Conscription
33:30 Chain Mail Armor
33:16 Bracer
34:05 Forging
35:11 Plate Mail Armor
35:39 Ring Archer Armor
37:30 Houfnice
39:48 Iron Casting
41:57 Caravan
49:59 Fortified Wall
52:48 Town Watch
59:12 Blast Furnace
58:31 Caravan
60:51 Town Patrol
63:11 Two-Man Saw
62:25 Heavy Plow
63:39 Onager
67:00 Coinage
79:11 Hussite Reforms
83:05 Redemption
82:56 Atonement
83:06 Fervor
83:12 Block Printing
83:22 Illumination
82:57 Devotion
83:18 Sanctity
83:19 Heresy
83:34 Theocracy
82:55 Herbal Medicine
84:06 Siege Engineers
84:12 Masonry
84:19 Masonry
85:49 Faith
Nexus
7:56 Feudal Age
11:33 Castle Age
9:33 Gold Mining
10:08 Fletching
12:00 Wheelbarrow
12:04 Double-Bit Axe
12:00 Horse Collar
12:53 Bodkin Arrow
13:44 Bow Saw
13:56 Padded Archer Armor
18:00 Leather Archer Armor
21:11 Ballistics
22:17 Heavy Plow
26:26 Hand Cart
27:04 Loom
31:20 Imperial Age
28:54 Stone Mining
28:57 Town Watch
31:59 Masonry
31:30 Treadmill Crane
33:01 Chemistry
32:07 Siege Engineers
32:15 Masonry
31:45 Treadmill Crane
32:09 Bracer
32:33 Crossbowman
33:21 Thumb Ring
34:22 Ring Archer Armor
34:33 Arbalester
39:29 Crop Rotation
40:01 Two-Man Saw
39:57 Guilds
45:14 Paper Money
44:56 Elite Skirmisher
47:02 Imperial Skirmisher
50:33 Pikeman
51:13 Squires
51:15 Scale Mail Armor
52:59 Halberdier
55:42 Chain Mail Armor
58:57 Forging
61:35 Capped Ram
69:19 Man-at-Arms
70:32 Plate Mail Armor
69:59 Long Swordsman
70:35 Two-Handed Swordsman
73:04 Champion
75:32 Iron Casting
76:22 Fortified Wall
solá
9:17 Feudal Age
10:24 Double-Bit Axe
10:20 Horse Collar
13:09 Castle Age
11:23 Gold Mining
11:55 Bloodlines
13:35 Scale Barding Armor
15:18 Husbandry
15:31 Forging
15:39 Bow Saw
16:09 Gold Shaft Mining
17:24 Heavy Plow
20:30 Chain Barding Armor
22:40 Forging
24:49 Loom
26:49 Iron Casting
28:03 Stone Mining
31:41 Wheelbarrow
31:29 Fletching
31:39 Padded Archer Armor
31:31 Town Watch
32:51 Hand Cart
33:35 Bodkin Arrow
33:55 Leather Archer Armor
37:44 Imperial Age
35:44 Ballistics
36:21 Thumb Ring
37:35 Husbandry
37:49 Masonry
38:53 Conscription
38:40 Bracer
40:05 Chemistry
39:09 Light Cavalry
39:22 Heavy Cavalry Archer
39:32 Light Cavalry
41:20 Parthian Tactics
41:38 Plate Barding Armor
41:18 Guilds
43:15 Hussar
45:42 Blast Furnace
47:27 Coinage
55:30 Scale Mail Armor
67:40 Two-Man Saw
69:40 Chain Mail Armor
72:06 Pikeman
74:17 Squires
76:03 Halberdier
Connection lost

Rejoining the realm…

Still unreachable

The connection could not be restored.

Session expired

The server has moved on; the page needs a fresh start.